[Event "ICC tourney 2198 (45 10)"]
[Site "Internet Chess Club"]
[Date "2020.12.12"]
[Round "2"]
[White "avats"]
[Black "arconsul2"]
[Result "1-0"]
[ICCResult "Black resigns"]
[WhiteElo "1589"]
[BlackElo "1800"]
[Opening "Caro-Kann: exchange variation"]
[ECO "B13"]
[NIC "CK.02"]
[Time "13:35:26"]
[PlyCount "131"]
[TimeControl "2700+10"]


1. e4 c6 2. d4 d5 3. exd5 cxd5 4. Nf3 Nc6 5. c3 Nf6 6. h3 Bf5 7. Bd3 Bg6 8.
O-O e6 9. Bf4 Bd6 10. Bxd6 Qxd6 11. Qc2 Rc8 12. Nbd2 a6 13. Rfe1 Nb4 14.
Qa4+ b5 15. Bxb5+ axb5 16. Qxb4 Qxb4 17. cxb4 Ke7 18. Rec1 Nd7 19. Nb3 Nb6
20. Nc5 Be4 21. Nd2 Bg6 22. b3 Ra8 23. a4 f6 24. a5 Nd7 25. Nxd7 Kxd7 26.
Rc5 Bd3 27. Rac1 Rhc8 28. R1c3 Rxc5 29. bxc5 Bg6 30. b4 Kc7 31. Kf1 e5 32.
dxe5 fxe5 33. Nf3 d4 34. Rc1 Bd3+ 35. Ke1 Re8 36. Kd2 Be4 37. Re1 Bxf3 38.
gxf3 Kc6 39. Kd3 Kd5 40. Rg1 Rf8 41. Ke2 Rf7 42. a6 Re7 43. Ra1 Ra7 44. Kd3
g6 45. Ra5 Kc6 46. f4 exf4 47. Kxd4 g5 48. Ke4 Ra8 49. Kf5 h6 50. Kg6 Kd5
51. Rxb5 Rxa6+ 52. Kh5 Kc4 53. Rb6 Ra3 54. Kxh6 Rxh3+ 55. Kxg5 Rf3 56. Rf6
Rxf2 57. Rxf4+ Rxf4 58. Kxf4 Kb5 59. Ke5 Kc6 60. Kd4 Kc7 61. b5 Kb7 62. Kd5
Kc7 63. c6 Kc8 64. Kd6 Kb8 65. Kd7 Ka7 66. c7 { Black resigns } 1-0

[Event "ICC tourney 2198 (45 10)"]
[Site "Internet Chess Club"]
[Date "2020.12.12"]
[Round "2"]
[White "pawnpush202044"]
[Black "e4f5"]
[Result "0-1"]
[ICCResult "White resigns"]
[WhiteElo "1915"]
[BlackElo "2253"]
[Opening "King's Indian: orthodox, Aronin-Taimanov, bayonet attack"]
[ECO "E97"]
[NIC "KI.05"]
[Time "13:35:37"]
[PlyCount "88"]
[TimeControl "2700+10"]


1. c4 Nf6 2. d4 g6 3. Nc3 Bg7 4. e4 d6 5. Nf3 O-O 6. Be2 e5 7. O-O Nc6 8.
d5 Ne7 9. b4 a5 10. Ba3 axb4 11. Bxb4 b6 12. a4 Re8 13. a5 c5 14. dxc6 Nxc6
15. Qxd6 Bd7 16. axb6 Rxa1 17. Rxa1 Bf8 18. Qd1 Nxb4 19. Ra7 Bc5 20. Na4
Bxa4 21. Qxd8 Rxd8 22. Rxa4 Nd7 23. b7 Rb8 24. Ra5 Nc6 25. Rb5 Nd4 26. Nxd4
Bxd4 27. Bg4 Nc5 28. Bc8 Kf8 29. Rb6 Nxb7 30. Rxb7 Rxc8 31. Rb4 Ke7 32. Kf1
Kd6 33. f3 Kc6 34. Ra4 Rb8 35. Ra6+ Rb6 36. Ra2 Rb1+ 37. Ke2 Rb2+ 38. Rxb2
Bxb2 39. Kd3 Kc5 40. g3 Bd4 41. f4 f6 42. h3 h6 43. fxe5 fxe5 44. g4 g5 {
White resigns } 0-1

[Event "ICC tourney 2198 (45 10)"]
[Site "Internet Chess Club"]
[Date "2020.12.12"]
[Round "2"]
[White "landonp"]
[Black "KittiesRock18"]
[Result "0-1"]
[ICCResult "White resigns"]
[WhiteElo "1426"]
[BlackElo "1864"]
[Opening "Sicilian: Scheveningen, English variation"]
[ECO "B80"]
[NIC "SI.19"]
[Time "13:35:49"]
[PlyCount "68"]
[TimeControl "2700+10"]


1. e4 c5 2. Nf3 d6 3. d4 cxd4 4. Nxd4 Nf6 5. Nc3 e6 6. Be3 a6 7. Qd2 b5 8.
a3 Bb7 9. f3 Nbd7 10. Be2 d5 11. exd5 Nxd5 12. Nxd5 Bxd5 13. O-O Bc5 14. b4
Bd6 15. Nf5 Be5 16. Nd4 Nb6 17. c3 O-O 18. Rac1 Nc4 19. Bxc4 Bxc4 20. Rfd1
Qh4 21. f4 Bc7 22. Nf3 Qh5 23. Qd7 Rac8 24. Bc5 Bxf4 25. Bxf8 Rxf8 26. Qe7
Be3+ 27. Kh1 Bd5 28. Rb1 Qxf3 29. Rxd5 Qxd5 30. Qh4 Bd2 31. Rd1 Qb3 32. Rf1
Qxa3 33. h3 Qxc3 34. Rf3 Qxb4 { White resigns } 0-1

[Event "ICC tourney 2198 (45 10)"]
[Site "Internet Chess Club"]
[Date "2020.12.12"]
[Round "2"]
[White "TjkTiger"]
[Black "AJM04"]
[Result "1-0"]
[ICCResult "Black resigns"]
[WhiteElo "2602"]
[BlackElo "2050"]
[Opening "English opening"]
[ECO "A16"]
[NIC "EO.64"]
[Time "13:36:12"]
[PlyCount "67"]
[TimeControl "2700+10"]


1. c4 Nf6 2. Nc3 c6 3. d4 d5 4. cxd5 cxd5 5. Bf4 Nc6 6. e3 a6 7. Be2 e6 8.
Nf3 Be7 9. h3 Bd6 10. Ne5 Bxe5 11. Bxe5 Nxe5 12. dxe5 Nd7 13. Qd4 Qg5 14.
f4 Qh4+ 15. Kd2 b6 16. g3 Qd8 17. e4 dxe4 18. Nxe4 O-O 19. Ke3 Bb7 20. Rhd1
Bxe4 21. Qxe4 Qe7 22. Qb7 Rfd8 23. Rac1 Rab8 24. Qc7 Kf8 25. Rd6 f6 26.
Rcd1 Rbc8 27. Qb7 Nc5 28. Qxe7+ Kxe7 29. exf6+ gxf6 30. Rxb6 f5 31. Rxd8
Rxd8 32. g4 Rd6 33. Rxd6 Kxd6 34. b4 { Black resigns } 1-0

[Event "ICC tourney 2198 (45 10)"]
[Site "Internet Chess Club"]
[Date "2020.12.12"]
[Round "2"]
[White "tigertiger2019"]
[Black "jmwgroff"]
[Result "0-1"]
[ICCResult "White resigns"]
[WhiteElo "1684"]
[BlackElo "1873"]
[Opening "Réti: advance variation"]
[ECO "A09"]
[NIC "RE.16"]
[Time "13:36:12"]
[PlyCount "106"]
[TimeControl "2700+10"]


1. Nf3 d5 2. c4 d4 3. e3 Nc6 4. g3 g6 5. exd4 Nxd4 6. Bg2 Bg7 7. Nc3 Nf6 8.
O-O O-O 9. d3 Bg4 10. Re1 Nd7 11. h3 Nxf3+ 12. Bxf3 Bxh3 13. Bxb7 Ne5 14.
Bg2 Bxg2 15. Kxg2 Nxd3 16. Re3 Nxc1 17. Qxd8 Rfxd8 18. Rxc1 Bh6 19. f4 Rd2+
20. Kf3 e6 21. Re2 Rad8 22. Rc2 Rxc2 23. Rxc2 Rd3+ 24. Kf2 Bg7 25. Nb5 c6
26. Nc3 Bxc3 27. bxc3 h5 28. a4 Kg7 29. a5 Kf6 30. a6 Kf5 31. Rb2 Rxc3 32.
Rb7 f6 33. Rxa7 Rxc4 34. Rc7 e5 35. fxe5 Kxe5 36. Re7+ Kf5 37. a7 Ra4 38.
Kg2 c5 39. Rc7 Kg4 40. Rg7 Ra2+ 41. Kg1 g5 42. Rd7 f5 43. Rb7 Kxg3 44. Rb3+
Kg4 45. Rb7 f4 46. Rg7 f3 47. Kf1 h4 48. Kg1 h3 49. Kf1 h2 50. Rh7 Kg3 51.
Ke1 f2+ 52. Kf1 Ra1+ 53. Ke2 f1=Q+ { White resigns } 0-1

[Event "ICC tourney 2198 (45 10)"]
[Site "Internet Chess Club"]
[Date "2020.12.12"]
[Round "2"]
[White "imranchamp"]
[Black "vvguys"]
[Result "1-0"]
[ICCResult "Black checkmated"]
[WhiteElo "1845"]
[BlackElo "1559"]
[Opening "Sicilian: closed"]
[ECO "B23"]
[NIC "SI.44"]
[Time "13:36:01"]
[PlyCount "125"]
[TimeControl "2700+10"]


1. e4 c5 2. Nc3 e6 3. f4 g6 4. Nf3 d6 5. Bc4 Bg7 6. f5 exf5 7. d3 Ne7 8.
O-O O-O 9. Qe1 Nbc6 10. Qh4 fxe4 11. Ng5 h5 12. Nxf7 Rxf7 13. Bxf7+ Kh7 14.
Nxe4 Nf5 15. Qxd8 Nxd8 16. Ng5+ Kh8 17. Bxg6 Nd4 18. Bd2 Nxc2 19. Rac1 Nd4
20. Rce1 Bd7 21. Re7 Bc6 22. Bxh5 a6 23. Bg6 a5 24. Nf7+ Nxf7 25. Rfxf7 Be5
26. Be4 a4 27. Bxc6 Nxc6 28. Rxb7 Bd4+ 29. Kf1 Re8 30. Bc3 Bxc3 31. bxc3
Ne5 32. Rh7+ Kg8 33. Rbg7+ Kf8 34. Rh8+ Kxg7 35. Rxe8 Kf7 36. Rxe5 dxe5 37.
Ke2 Kf6 38. Ke3 Kf5 39. h4 Kg4 40. g3 a3 41. d4 exd4+ 42. cxd4 c4 43. d5
Kf5 44. Kd4 c3 45. Kxc3 Ke5 46. Kb3 Kxd5 47. Kxa3 Ke5 48. h5 Kf6 49. g4 Ke7
50. g5 Kf7 51. g6+ Kg7 52. Kb4 Kh6 53. a4 Kg7 54. a5 Kf8 55. h6 Kg8 56. a6
Kf8 57. a7 Ke7 58. a8=Q Kf6 59. g7 Kg6 60. Qh8 Kf7 61. g8=Q+ Ke7 62. Qd8+
Ke6 63. Qhf6# { Black checkmated } 1-0

[Event "ICC tourney 2198 (45 10)"]
[Site "Internet Chess Club"]
[Date "2020.12.12"]
[Round "2"]
[White "RagingKnightNC"]
[Black "funpawn"]
[Result "1-0"]
[ICCResult "Black checkmated"]
[WhiteElo "2112"]
[BlackElo "1765"]
[Opening "Ruy Lopez: 5.O-O"]
[ECO "C78"]
[NIC "RL.12"]
[Time "13:35:27"]
[PlyCount "105"]
[TimeControl "2700+10"]


1. e4 e5 2. Nf3 Nc6 3. Bb5 a6 4. Ba4 Nf6 5. O-O b5 6. Bb3 Bc5 7. c3 d6 8.
d4 Bb6 9. a4 Rb8 10. axb5 axb5 11. Qd3 Bd7 12. Bg5 h6 13. Be3 O-O 14. dxe5
Nxe5 15. Nxe5 dxe5 16. Bxb6 Rxb6 17. Na3 Bc6 18. Qxd8 Rxd8 19. f3 Rd2 20.
Nc2 Rb8 21. Rfd1 Rbd8 22. Nb4 Rxd1+ 23. Rxd1 Rxd1+ 24. Bxd1 Bd7 25. Nd3 Be6
26. Nxe5 Nd7 27. Nxd7 Bxd7 28. Kf2 Kf8 29. Ke3 c5 30. b4 cxb4 31. cxb4 Ke7
32. e5 Kd8 33. Kd4 Kc7 34. Kc5 Kb7 35. Be2 Ka6 36. Kd6 Be6 37. Kc5 Bd7 38.
f4 g6 39. g3 h5 40. Bf3 Be6 41. Bd5 Bxd5 42. Kxd5 Kb6 43. Kd6 Kb7 44. Kd7
Kb6 45. h3 Kb7 46. g4 h4 47. f5 g5 48. e6 f6 49. e7 Kb6 50. e8=Q Kb7 51.
Qe6 Ka7 52. Kc8 Ka8 53. Qa2# { Black checkmated } 1-0

[Event "ICC tourney 2198 (45 10)"]
[Site "Internet Chess Club"]
[Date "2020.12.12"]
[Round "2"]
[White "nikhilthota"]
[Black "dabpacman"]
[Result "1-0"]
[ICCResult "Black checkmated"]
[WhiteElo "1800"]
[BlackElo "1466"]
[Opening "Old Benoni defense"]
[ECO "A46"]
[NIC "QP.06"]
[Time "13:35:21"]
[PlyCount "105"]
[TimeControl "2700+10"]


1. Nf3 Nf6 2. d4 c5 3. d5 d6 4. c4 b5 5. cxb5 a6 6. bxa6 g6 7. e4 Bxa6 8.
Bxa6 Nxa6 9. Nc3 Bg7 10. O-O O-O 11. a4 Qa5 12. Bd2 Rfb8 13. Nb5 Qb6 14.
Re1 Nc7 15. Nxc7 Qxc7 16. Qc2 Nd7 17. Bc3 Rb7 18. Bxg7 Kxg7 19. Qc3+ Kg8
20. b3 Rab8 21. Nd2 Rb4 22. a5 Qa7 23. Reb1 Ne5 24. Re1 Rd4 25. Ra3 Nd3 26.
Re3 Nf4 27. a6 Rd3 28. Qc2 Rxe3 29. fxe3 Nh5 30. Qc4 Rb4 31. Qe2 Nf6 32. e5
Nxd5 33. exd6 exd6 34. Qd3 Qa8 35. Ne4 Nxe3 36. Nf6+ Kg7 37. Qxe3 Kxf6 38.
Qc3+ Ke7 39. a7 Rg4 40. g3 Re4 41. Kf2 Re6 42. b4 Rf6+ 43. Kg1 Rf5 44. b5
Kd7 45. b6 Kc6 46. Qb2 Kb7 47. Qe2 Kxb6 48. Ra6+ Kb7 49. Qb5+ Kc7 50. Qb6+
Kd7 51. Qxd6+ Kc8 52. Rc6+ Kb7 53. Qc7# { Black checkmated } 1-0

[Event "ICC tourney 2198 (45 10)"]
[Site "Internet Chess Club"]
[Date "2020.12.12"]
[Round "2"]
[White "loveEdinburgh"]
[Black "yanje03"]
[Result "1-0"]
[ICCResult "Black resigns"]
[WhiteElo "1828"]
[BlackElo "1452"]
[Opening "Nimzo-Indian: classical variation"]
[ECO "E32"]
[NIC "NI.24"]
[Time "13:36:12"]
[PlyCount "74"]
[TimeControl "2700+10"]


1. d4 Nf6 2. c4 e6 3. Nc3 Bb4 4. Qc2 O-O 5. Bg5 c5 6. e3 d5 7. cxd5 exd5 8.
dxc5 Nbd7 9. a3 Bxc5 10. Nf3 h6 11. Bh4 Re8 12. Be2 Nb6 13. O-O a6 14. Rfd1
Qe7 15. Bxf6 Qxf6 16. Nxd5 Nxd5 17. Qxc5 Qxb2 18. Rab1 Qxe2 19. Rd2 Qxd2
20. Nxd2 Be6 21. h3 Rac8 22. Qa5 Re7 23. Nf3 Nc3 24. Re1 Rec7 25. Nd4 Bd5
26. Ne2 Nxe2+ 27. Rxe2 Rc5 28. Qb4 Rb5 29. Qd6 Rc1+ 30. Kh2 Bc6 31. e4 Rbb1
32. Qb8+ Kh7 33. Qf4 Rh1+ 34. Kg3 Rb3+ 35. f3 Rxa3 36. Qf5+ Kg8 37. Rd2 f6
{ Black resigns } 1-0

[Event "ICC tourney 2198 (45 10)"]
[Site "Internet Chess Club"]
[Date "2020.12.12"]
[Round "2"]
[White "GeorgeDai"]
[Black "Volkov"]
[Result "0-1"]
[ICCResult "White resigns"]
[WhiteElo "2060"]
[BlackElo "2607"]
[Opening "QGD Slav defense: exchange variation"]
[ECO "D10"]
[NIC "SL.01"]
[Time "13:37:32"]
[PlyCount "72"]
[TimeControl "2700+10"]


1. d4 d5 2. c4 c6 3. cxd5 cxd5 4. Bf4 Nc6 5. e3 Nf6 6. Nc3 Bg4 7. Qb3 Na5
8. Qa4+ Bd7 9. Qc2 Rc8 10. Bd3 b5 11. a3 e6 12. Nf3 Be7 13. O-O a6 14. Qe2
O-O 15. e4 dxe4 16. Nxe4 Bc6 17. Rad1 Nc4 18. Bc1 Nxe4 19. Bxe4 Bxe4 20.
Qxe4 Qd5 21. Qxd5 exd5 22. Ne5 a5 23. Rfe1 Bd6 24. Nd3 a4 25. Bf4 Bxf4 26.
Nxf4 Nxb2 27. Rb1 Nc4 28. Nxd5 Nxa3 29. Ne7+ Kh8 30. Nxc8 Nxb1 31. Nd6 Nc3
32. Nxf7+ Kg8 33. Ne5 b4 34. d5 b3 35. Nc4 Nxd5 36. Ra1 Rc8 { White resigns
} 0-1

[Event "ICC tourney 2198 (45 10)"]
[Site "Internet Chess Club"]
[Date "2020.12.12"]
[Round "2"]
[White "KnightHopper"]
[Black "kwen2008"]
[Result "1-0"]
[ICCResult "Black resigns"]
[WhiteElo "2039"]
[BlackElo "1745"]
[Opening "Scotch game"]
[ECO "C45"]
[NIC "SO.05"]
[Time "13:35:50"]
[PlyCount "75"]
[TimeControl "2700+10"]


1. e4 e5 2. Nf3 Nc6 3. d4 exd4 4. Nxd4 Bc5 5. Be3 Qf6 6. c3 Nge7 7. Be2 O-O
8. O-O Ne5 9. Nd2 a6 10. f4 N5c6 11. e5 Qh6 12. Rf3 Bxd4 13. cxd4 Nf5 14.
Nf1 d5 15. Bf2 Nh4 16. Rc3 Ng6 17. g3 Nge7 18. Ne3 Be6 19. Bd3 Nxd4 20.
Rxc7 Nec6 21. Rxb7 Nd8 22. Rb6 Bg4 23. Qxg4 Qxb6 24. Nf5 g6 25. Bxd4 Qb4
26. e6 h5 27. Qg5 Nxe6 28. Qf6 Kh7 29. a3 Qd2 30. Ng7 Nxd4 31. Qxd4 f5 32.
Nxh5 Rf7 33. Nf6+ Rxf6 34. Qxf6 Qxd3 35. Re1 Ra7 36. Re8 Qb1+ 37. Kg2 Qc2+
38. Kh3 { Black resigns } 1-0

[Event "ICC tourney 2198 (45 10)"]
[Site "Internet Chess Club"]
[Date "2020.12.12"]
[Round "2"]
[White "BranKing"]
[Black "Zuiopal"]
[Result "1-0"]
[ICCResult "Black resigns"]
[WhiteElo "2102"]
[BlackElo "1740"]
[Opening "Caro-Kann: exchange variation"]
[ECO "B13"]
[NIC "CK.02"]
[Time "13:35:46"]
[PlyCount "89"]
[TimeControl "2700+10"]


1. e4 c6 2. d4 d5 3. exd5 cxd5 4. Bd3 Nc6 5. c3 g6 6. h3 Bg7 7. Nf3 Nf6 8.
O-O O-O 9. Re1 Qc7 10. Ne5 Nxe5 11. dxe5 Ne4 12. Bf4 Nc5 13. Bc2 e6 14. Nd2
Nd7 15. Nf3 b6 16. h4 Bb7 17. h5 d4 18. cxd4 Bxf3 19. gxf3 Qd8 20. Be4 Rc8
21. hxg6 fxg6 22. Bg3 Qg5 23. Qb3 Rfe8 24. Kg2 h5 25. f4 Qh6 26. Rh1 Nf8
27. Qe3 Rc4 28. Bd3 Rc7 29. Bh4 Nh7 30. Qg3 Nf8 31. Qe3 Nh7 32. Bg5 Nxg5
33. fxg5 Qh7 34. Qe4 Kf7 35. Rh4 Bf8 36. Rf4+ Kg7 37. Rf6 Rf7 38. Rxg6+ Kh8
39. Qc6 h4 40. Rh6 Bxh6 41. Bxh7 h3+ 42. Kxh3 Ref8 43. gxh6 Rxh7 44. Qxe6
Rxf2 45. Qe8+ { Black resigns } 1-0

[Event "ICC tourney 2198 (45 10)"]
[Site "Internet Chess Club"]
[Date "2020.12.12"]
[Round "2"]
[White "AmyMGL"]
[Black "zuz1209"]
[Result "0-1"]
[ICCResult "White resigns"]
[WhiteElo "1900"]
[BlackElo "2228"]
[Opening "Giuoco Piano"]
[ECO "C54"]
[NIC "IG.02"]
[Time "13:35:27"]
[PlyCount "54"]
[TimeControl "2700+10"]


1. e4 e5 2. Nf3 Nc6 3. Bc4 Bc5 4. c3 Nf6 5. d4 exd4 6. e5 d5 7. Bb5 Ne4 8.
cxd4 Bb6 9. O-O O-O 10. Bxc6 bxc6 11. Nbd2 c5 12. Nxe4 dxe4 13. Ng5 cxd4
14. Nxe4 Qd5 15. f3 Qxe5 16. Kh1 Bb7 17. Re1 Qd5 18. Qd3 a5 19. Ng5 f5 20.
Bf4 Rfe8 21. b3 h6 22. Nh3 Rxe1+ 23. Rxe1 Ba6 24. Qd2 d3 25. Nf2 Qd4 26.
Nd1 Rd8 27. Ne3 Qxf4 { White resigns } 0-1

[Event "ICC tourney 2198 (45 10)"]
[Site "Internet Chess Club"]
[Date "2020.12.12"]
[Round "2"]
[White "SupaHotFiya"]
[Black "marble"]
[Result "0-1"]
[ICCResult "White resigns"]
[WhiteElo "1982"]
[BlackElo "2537"]
[Opening "Robatsch defense"]
[ECO "B06"]
[NIC "KF.05"]
[Time "13:35:20"]
[PlyCount "160"]
[TimeControl "2700+10"]


1. e4 g6 2. d4 Bg7 3. Nc3 c6 4. h3 d6 5. Be3 b5 6. g4 Nd7 7. Bg2 Bb7 8.
Nge2 h5 9. g5 e5 10. Qd2 Ne7 11. h4 O-O 12. O-O Qc7 13. f4 b4 14. Nd1 exf4
15. Nxf4 c5 16. c3 Nb6 17. b3 bxc3 18. Nxc3 cxd4 19. Bxd4 Bxd4+ 20. Qxd4
Nc6 21. Qd2 Ne5 22. Rac1 Qc5+ 23. Kh1 Qb4 24. Rfd1 Rfd8 25. Ncd5 Qxd2 26.
Nf6+ Kf8 27. Rxd2 Rac8 28. Rcd1 Ke7 29. Nd3 Nbd7 30. Nxd7 Nxd7 31. Kg1 Nf8
32. Nf4 Ba8 33. Rf2 Nd7 34. Bh3 Rc7 35. Bxd7 Rdxd7 36. Nd5+ Bxd5 37. exd5
Rc3 38. Rd4 Re3 39. Rff4 Kf8 40. Kf2 Rh3 41. Kg2 Rc3 42. Rc4 Rxc4 43. Rxc4
Re7 44. Kf3 Re5 45. Rd4 a5 46. a3 Kg7 47. b4 axb4 48. axb4 Re1 49. Re4 Rd1
50. b5 Rb1 51. b6 Rxb6 52. Rc4 Rb3+ 53. Ke4 Rh3 54. Rc6 Rxh4+ 55. Kf3 Rg4
56. Rxd6 Rxg5 57. Rd8 h4 58. d6 h3 59. d7 Rd5 60. Kg3 Rd3+ 61. Kh2 g5 62.
Ra8 Rxd7 63. Kxh3 Kg6 64. Ra6+ f6 65. Kg4 Rd4+ 66. Kg3 Kf5 67. Rb6 Rd3+ 68.
Kg2 g4 69. Kf2 Kg5 70. Kg2 f5 71. Rb5 Kf4 72. Kf2 Rd2+ 73. Ke1 Ra2 74. Kf1
g3 75. Rc5 Kg4 76. Kg1 f4 77. Rc4 Kh3 78. Rxf4 Ra1+ 79. Rf1 Rxf1+ 80. Kxf1
Kh2 { White resigns } 0-1

[Event "ICC tourney 2198 (45 10)"]
[Site "Internet Chess Club"]
[Date "2020.12.12"]
[Round "2"]
[White "mopaska1106"]
[Black "WonderZ"]
[Result "1-0"]
[ICCResult "Black resigns"]
[WhiteElo "1918"]
[BlackElo "2107"]
[Opening "King's Indian: Makagonov system (5.h3)"]
[ECO "E71"]
[NIC "KI.20"]
[Time "13:35:20"]
[PlyCount "77"]
[TimeControl "2700+10"]


1. d4 Nf6 2. c4 g6 3. Nc3 Bg7 4. e4 d6 5. h3 O-O 6. Nf3 c5 7. d5 e6 8. Bd3
exd5 9. cxd5 Re8 10. O-O Bd7 11. a4 Na6 12. Bxa6 bxa6 13. Qd3 a5 14. Nd2
Qe7 15. Re1 Nh5 16. Nc4 f5 17. Bd2 f4 18. Qf3 Rab8 19. Nb5 Bxb5 20. axb5
Rxb5 21. Rxa5 Reb8 22. Rxb5 Rxb5 23. e5 dxe5 24. d6 Qb7 25. Qg4 Qf7 26.
Nxe5 Bxe5 27. Rxe5 Nf6 28. Qc8+ Qf8 29. Qe6+ Qf7 30. Qxf7+ Kxf7 31. Re7+
Kf8 32. Bxf4 Rxb2 33. Bh6+ Kg8 34. d7 Rb8 35. Bg5 Nxd7 36. Rxd7 a5 37. Rd8+
Rxd8 38. Bxd8 a4 39. Ba5 { Black resigns } 1-0

[Event "ICC tourney 2198 (45 10)"]
[Site "Internet Chess Club"]
[Date "2020.12.12"]
[Round "2"]
[White "awakeflood"]
[Black "hoshibosh"]
[Result "1/2-1/2"]
[ICCResult "Game drawn by mutual agreement"]
[WhiteElo "1787"]
[BlackElo "2151"]
[Opening "Sicilian: Najdorf"]
[ECO "B90"]
[NIC "SI.14"]
[Time "13:35:26"]
[PlyCount "94"]
[TimeControl "2700+10"]


1. e4 c5 2. Nf3 d6 3. d4 cxd4 4. Nxd4 Nf6 5. Nc3 a6 6. f3 e5 7. Nb3 Be6 8.
Be3 h5 9. Qd2 Nbd7 10. O-O-O b5 11. Nd5 Bxd5 12. exd5 Nb6 13. Bxb6 Qxb6 14.
f4 Ne4 15. Qe1 Nf2 16. fxe5 Nxd1 17. exd6+ Qe3+ 18. Kxd1 Qxe1+ 19. Kxe1
Bxd6 20. Nc1 O-O 21. Be2 Rfe8 22. Kd1 g6 23. h3 Kg7 24. Rf1 Rac8 25. b3 Rc3
26. Bd3 Re5 27. Ne2 Rc5 28. c4 bxc4 29. bxc4 Rg5 30. Nc3 Rg3 31. Rf3 Rxf3
32. gxf3 f5 33. Na4 Ra5 34. Bc2 Kf6 35. Ke2 Ke5 36. Ke3 g5 37. f4+ gxf4+
38. Kf3 h4 39. Ke2 Bc5 40. Bb3 Be3 41. Nb2 Rc5 42. Nd3+ Ke4 43. Nxc5+ Bxc5
44. Bc2+ Kd4 45. Bxf5 Kxc4 46. Bd3+ Kxd5 47. Bxa6 Ke4 { Game drawn by
mutual agreement } 1/2-1/2

[Event "ICC tourney 2198 (45 10)"]
[Site "Internet Chess Club"]
[Date "2020.12.12"]
[Round "2"]
[White "mhebden"]
[Black "GutsyEdge"]
[Result "1-0"]
[ICCResult "Black resigns"]
[WhiteElo "2503"]
[BlackElo "2027"]
[Opening "QGD Slav: 4.e3"]
[ECO "D11"]
[NIC "QP.06"]
[Time "13:35:28"]
[PlyCount "123"]
[TimeControl "2700+10"]


1. d4 Nf6 2. Nf3 d5 3. c4 c6 4. e3 e6 5. Bd3 b6 6. O-O Bb7 7. cxd5 exd5 8.
Nc3 Bd6 9. Ne5 Nbd7 10. f4 O-O 11. Qf3 c5 12. Bd2 Re8 13. Rae1 Nf8 14. Re2
Ne6 15. Bb5 cxd4 16. Bxe8 Qxe8 17. Nd1 Ba6 18. Ng4 Nxg4 19. Qxg4 Bxe2 20.
Qxe2 Nxf4 21. Qf3 Ng6 22. exd4 Rd8 23. g3 Be7 24. h4 Bf6 25. Be3 Qe4 26.
Nc3 Qe6 27. h5 Ne7 28. h6 Nc6 29. hxg7 Bxg7 30. Rd1 Rd6 31. Kg2 h5 32. Ne2
Qg4 33. Nf4 Qxf3+ 34. Kxf3 Rf6 35. Ke2 Rf5 36. a3 h4 37. g4 Rg5 38. Kf3 f5
39. gxf5 Rxf5 40. Kg4 Rf8 41. b4 h3 42. b5 Ne7 43. Nxh3 Nf5 44. Bf2 Nd6 45.
a4 Ne4 46. Be3 Rc8 47. Nf4 Nf6+ 48. Kf5 Rc3 49. Rd3 Rc4 50. Ke6 Rxa4 51.
Nxd5 Ne8 52. Ne7+ Kf8 53. Nf5 Nc7+ 54. Kd7 Nxb5 55. Nxg7 Kxg7 56. Rd2 Nc3
57. Bf4 Kg6 58. Ke6 b5 59. Rg2+ Kh7 60. Kf7 Ra2 61. Rg7+ Kh8 62. Rg1 {
Black resigns } 1-0

[Event "ICC tourney 2198 (45 10)"]
[Site "Internet Chess Club"]
[Date "2020.12.12"]
[Round "2"]
[White "tirantes"]
[Black "pika0008"]
[Result "1-0"]
[ICCResult "Black checkmated"]
[WhiteElo "2435"]
[BlackElo "1840"]
[Opening "QGD Slav defense"]
[ECO "D10"]
[NIC "SL.01"]
[Time "13:35:40"]
[PlyCount "135"]
[TimeControl "2700+10"]


1. d4 d5 2. c4 c6 3. e3 Nf6 4. Nc3 e6 5. b3 Bd6 6. Bb2 O-O 7. Nf3 Nbd7 8.
Be2 Re8 9. O-O b6 10. Qc2 Bb7 11. e4 dxe4 12. Nxe4 Nxe4 13. Qxe4 Nf6 14.
Qc2 Qe7 15. Rad1 Rad8 16. Ne5 c5 17. dxc5 Bxc5 18. Bf3 Bxf3 19. Nxf3 h6 20.
h3 Rxd1 21. Rxd1 Rd8 22. Ne5 Rxd1+ 23. Qxd1 Qc7 24. Qf3 Qd6 25. Qd3 Qxd3
26. Nxd3 Ne4 27. Nxc5 Nxc5 28. Kf1 f6 29. Ke2 Kf7 30. Ke3 e5 31. b4 Nb7 32.
g4 Ke6 33. f3 g5 34. Kd3 a6 35. a4 f5 36. Ba3 f4 37. b5 axb5 38. axb5 Nd6
39. Bb4 Kd7 40. Bc3 Ke6 41. Be1 Kf6 42. Bf2 Nc8 43. c5 bxc5 44. Bxc5 Ke6
45. Bf8 Nd6 46. b6 Kd7 47. Bxh6 Kc6 48. Bxg5 Kxb6 49. Bf6 e4+ 50. fxe4 f3
51. Be5 f2 52. Bd4+ Kc7 53. Bxf2 Kd7 54. Bg3 Nf7 55. Bf4 Ke6 56. h4 Kf6 57.
h5 Kg7 58. Kd4 Nd8 59. Kd5 Nf7 60. e5 Nd8 61. e6 Nxe6 62. Kxe6 Kh7 63. g5
Kg7 64. g6 Kh8 65. h6 Kg8 66. Be5 Kf8 67. h7 Ke8 68. h8=Q# { Black
checkmated } 1-0

[Event "ICC tourney 2198 (45 10)"]
[Site "Internet Chess Club"]
[Date "2020.12.12"]
[Round "2"]
[White "eigenator"]
[Black "davidluscomb"]
[Result "1-0"]
[ICCResult "Black resigns"]
[WhiteElo "2376"]
[BlackElo "1995"]
[Opening "Sicilian: Najdorf, Adams attack"]
[ECO "B90"]
[NIC "SI.14"]
[Time "13:35:37"]
[PlyCount "71"]
[TimeControl "2700+10"]


1. e4 c5 2. Nf3 d6 3. d4 cxd4 4. Nxd4 Nf6 5. Nc3 a6 6. h3 b5 7. g4 Bb7 8.
Bg2 Nc6 9. O-O g6 10. e5 Nxd4 11. exf6 Bxg2 12. fxe7 Qxe7 13. Qxd4 Bxf1 14.
Bd2 O-O-O 15. Rxf1 Rg8 16. Nd5 Qe5 17. Qd3 Bg7 18. Bc3 Qg5 19. Bxg7 Rxg7
20. Qc3+ Kd7 21. Nb6+ Ke7 22. Qxg7 Qe5 23. Qh6 d5 24. Qd2 Kf8 25. Re1 Qd6
26. Qd4 f6 27. a4 Kf7 28. a5 h5 29. Rd1 hxg4 30. hxg4 Ke6 31. Nxd5 Kf7 32.
b3 g5 33. c4 Rh8 34. Qa7+ Kf8 35. Qc7 Qe6 36. Ne3 { Black resigns } 1-0

[Event "ICC tourney 2198 (45 10)"]
[Site "Internet Chess Club"]
[Date "2020.12.12"]
[Round "2"]
[White "HarleyQueen8"]
[Black "Spence9000"]
[Result "0-1"]
[ICCResult "White checkmated"]
[WhiteElo "1867"]
[BlackElo "1625"]
[Opening "QGD: exchange, positional line"]
[ECO "D35"]
[NIC "QO.16"]
[Time "13:35:25"]
[PlyCount "114"]
[TimeControl "2700+10"]


1. d4 d5 2. c4 e6 3. Nc3 Nf6 4. cxd5 exd5 5. Bg5 Be7 6. e3 Bf5 7. Bxf6 Bxf6
8. Qb3 c6 9. Qxb7 Qb6 10. Qxb6 axb6 11. Nf3 Nd7 12. Be2 O-O 13. Kd2 Ra7 14.
h3 Rfa8 15. g4 Be6 16. g5 Be7 17. Rag1 b5 18. a3 b4 19. axb4 Bxb4 20. Bd3
c5 21. dxc5 Nxc5 22. Nd4 Ra2 23. Rb1 Na4 24. Nc2 Rxb2 25. Kc1 Bxc3 26. Rxb2
Nxb2 27. Bb5 g6 28. Rh2 Nc4 29. Bxc4 dxc4 30. f3 Ra2 31. Kd1 Bf5 32. e4 Bd7
33. h4 Ba4 34. h5 Ra1+ 35. Ke2 Bxc2 36. Ke3 Bd3 37. h6 Bh8 38. Rg2 Be5 39.
f4 Bc3 40. Kf3 Bd4 41. Rd2 Ra3 42. Kg4 Bc3 43. Rf2 Bb4 44. Rb2 Ra4 45. e5
c3 46. Rh2 c2 47. Rxc2 Bxc2 48. e6 fxe6 49. Kf3 Ra3+ 50. Ke2 Bd3+ 51. Ke3
Bc5+ 52. Kd2 Be4 53. f5 exf5 54. Ke2 Ra2+ 55. Kd1 Bd3 56. Ke1 Bb4+ 57. Kd1
Ra1# { White checkmated } 0-1